[Event "ICC tourney 3198 (30 10)"]
[Site "Internet Chess Club"]
[Date "2023.05.20"]
[Round "2"]
[White "SIMPSON, MICHAEL:MichaelSimpson"]
[Black "MAMMADOV, ZAUR:zaur94"]
[Result "0-1"]
[ICCResult "White resigns"]
[WhiteElo "2100"]
[BlackElo "2541"]
[Opening "Réti opening"]
[ECO "A06"]
[NIC "QP.09"]
[Time "14:00:24"]
[PlyCount "58"]
[TimeControl "1800+10"]

1. Nf3 d5 2. e3 Nf6 3. c4 c6 4. Nc3 e6 5. b3 Bd6 6. Bb2 O-O 7. Qc2 a5 8. Rg1
Na6 9. g4 dxc4 10. bxc4 e5 11. g5 Nd7 12. Ne4 Qe7 13. Nxd6 Qxd6 14. Qc3 Re8
15. Qxa5 b6 16. Qc3 Nac5 17. d4 Ne4 18. Qc2 exd4 19. Bxd4 Qb4+ 20. Nd2 Ndc5
21. f3 Nd6 22. Kf2 Nf5 23. Bc3 Qa3 24. e4 Na4 25. Nb3 Nh4 26. Bd2 Qd6 27. f4
Nc5 28. Nxc5 Qd4+ 29. Kg3 Qxg1+ {White resigns} 0-1

[Event "ICC tourney 3198 (30 10)"]
[Site "Internet Chess Club"]
[Date "2023.05.20"]
[Round "2"]
[White "KONA, VIDIP KUMAR:Vidipkona"]
[Black "BOYLIN, JOHN:Jupiter2008"]
[Result "0-1"]
[ICCResult "White checkmated"]
[WhiteElo "1979"]
[BlackElo "1915"]
[Opening "English opening"]
[ECO "A05"]
[NIC "QP.11"]
[Time "14:00:28"]
[PlyCount "120"]
[TimeControl "1800+10"]

1. Nf3 Nf6 2. c4 g6 3. b4 Bg7 4. Bb2 O-O 5. g3 a5 6. a3 axb4 7. axb4 Rxa1 8.
Bxa1 d5 9. cxd5 Nxd5 10. Bxg7 Kxg7 11. Qb3 Qd6 12. b5 e5 13. Nc3 Rd8 14. Bg2
Be6 15. Qb2 f6 16. Ne4 Qb6 17. O-O c5 18. Rc1 Nd7 19. d3 Nb4 20. Nxc5 Nxc5
21. Qxb4 Rc8 22. d4 exd4 23. Nxd4 Bf7 24. Bh3 Nd3 25. Ne6+ Qxe6 26. Rxc8
Qxc8 27. Bxc8 Nxb4 28. Bxb7 Bc4 29. b6 Nd5 30. e4 Nxb6 31. f4 Nd7 32. Kf2
Kf7 33. Ke3 Nc5 34. Bc8 Be6 35. Bxe6+ Kxe6 36. Kd4 Nd7 37. Kc4 Nb6+ 38. Kb5
Nc8 39. Kc5 Nd6 40. Kd4 Nf7 41. h3 g5 42. h4 g4 43. h5 Kd6 44. Kc4 Nd8 45.
Kd4 Ne6+ 46. Ke3 Ng7 47. h6 Ne6 48. f5 Ng5 49. Kf4 Nf7 50. Kxg4 Ke5 51. Kh5
Kxe4 52. g4 Kf4 53. Kh4 Nxh6 54. g5 fxg5+ 55. Kh5 Kxf5 56. Kxh6 g4 57. Kh5
g3 58. Kh4 g2 59. Kh3 g1=Q 60. Kh4 Qg4# {White checkmated} 0-1

[Event "ICC tourney 3198 (30 10)"]
[Site "Internet Chess Club"]
[Date "2023.05.20"]
[Round "2"]
[White "QUIRKE, JEFFREY L:PawnEatingZombi"]
[Black "ZHUGE, KATHERINE:FlowingMelody"]
[Result "1-0"]
[ICCResult "Black resigns"]
[WhiteElo "2176"]
[BlackElo "1781"]
[Opening "QGD: Charousek (Petrosian) variation"]
[ECO "D31"]
[NIC "QP.08"]
[Time "14:00:26"]
[PlyCount "59"]
[TimeControl "1800+10"]

1. d4 d5 2. c4 e6 3. Nc3 Be7 4. cxd5 exd5 5. Bf4 Nf6 6. e3 O-O 7. Bd3 Nbd7
8. h3 c5 9. dxc5 Nxc5 10. Nf3 Be6 11. O-O Qd7 12. Ne5 Qd8 13. Nb5 a6 14. Nd4
Qb6 15. Qe2 Rac8 16. Rac1 Rfd8 17. Bb1 Na4 18. Nd3 Nc5 19. Nxc5 Bxc5 20. Nb3
Be7 21. Be5 Bd7 22. Nd4 Rc5 23. Nf5 Bf8 24. Bd4 Rdc8 25. Rxc5 Rxc5 26. Bxc5
Bxc5 27. Rd1 Bb5 28. Qc2 Bc6 29. Rc1 Bf8 30. Nd4 {Black resigns} 1-0

[Event "ICC tourney 3198 (30 10)"]
[Site "Internet Chess Club"]
[Date "2023.05.20"]
[Round "2"]
[White "BAGCHI, SOUNAK:Chesssaga"]
[Black "Belous, Vladimir:Openyagami"]
[Result "0-1"]
[ICCResult "White resigns"]
[WhiteElo "2160"]
[BlackElo "2594"]
[Opening "Sicilian: Nimzovich-Rossolimo attack (with ...g6, without ...d6)"]
[ECO "B31"]
[NIC "SI.31"]
[Time "14:00:43"]
[PlyCount "108"]
[TimeControl "1800+10"]

1. e4 c5 2. Nf3 Nc6 3. Bb5 g6 4. Bxc6 dxc6 5. d3 Bg7 6. h3 Nh6 7. O-O b6 8.
a4 a5 9. Na3 Ba6 10. Nc4 f6 11. Be3 O-O 12. Nfd2 f5 13. Bxh6 Bxh6 14. Qe2 f4
15. Nf3 Bg7 16. e5 Bc8 17. Rad1 b5 18. Ncd2 Qb6 19. c3 Bf5 20. d4 Rad8 21.
Ne4 cxd4 22. cxd4 Be6 23. Rfe1 Bb3 24. Rc1 bxa4 25. Nc5 Qb5 26. Rc3 Bd5 27.
Ng5 Rb8 28. Nd7 Qxb2 29. Qxb2 Rxb2 30. Nxf8 Bxf8 31. Ra1 e6 32. Rxa4 h6 33.
Nf3 Rb1+ 34. Kh2 Bb4 35. Rc2 Bb3 36. Rxb4 Bxc2 37. Rc4 Be4 38. Nd2 Bd5 39.
Rxc6 Rb2 40. Rc8+ Kf7 41. Nc4 Rxf2 42. Nd6+ Ke7 43. h4 Rxg2+ 44. Kh3 Kd7 45.
Rf8 g5 46. hxg5 hxg5 47. Rf7+ Kc6 48. Ra7 Rg1 49. Ra6+ Kc7 50. Rxa5 Bf3 51.
Rc5+ Kd7 52. Rc2 Rh1+ 53. Rh2 g4+ 54. Kh4 Rxh2+ {White resigns} 0-1

[Event "ICC tourney 3198 (30 10)"]
[Site "Internet Chess Club"]
[Date "2023.05.20"]
[Round "2"]
[White "SRIPADA, Havish:brilliantnessme"]
[Black "HANKE, HARVEY:ThinkingPanda"]
[Result "1-0"]
[ICCResult "Black checkmated"]
[WhiteElo "2142"]
[BlackElo "1884"]
[Opening "Ruy Lopez: Schliemann defense"]
[ECO "C63"]
[NIC "RL.06"]
[Time "14:00:50"]
[PlyCount "63"]
[TimeControl "1800+10"]

1. e4 e5 2. Nf3 Nc6 3. Bb5 f5 4. d3 fxe4 5. dxe4 Nf6 6. O-O Bc5 7. Nc3 d6 8.
Bc4 Bg4 9. h3 Bh5 10. g4 Bg6 11. Ng5 Nd4 12. Be3 h6 13. Bxd4 exd4 14. Ne6
Qe7 15. Nd5 Nxd5 16. exd5 Kd7 17. Re1 Qf6 18. Nxc5+ dxc5 19. Re6 Qg5 20. h4
Qxh4 21. Rxg6 Raf8 22. Qe2 Kc8 23. Rxg7 h5 24. g5 a6 25. Bxa6 Rf4 26. Bxb7+
Kb8 27. d6 d3 28. dxc7+ Kxb7 29. c8=Q+ Kxc8 30. Qe6+ Kb8 31. Qb6+ Kc8 32.
Qc7# {Black checkmated} 1-0

[Event "ICC tourney 3198 (30 10)"]
[Site "Internet Chess Club"]
[Date "2023.05.20"]
[Round "2"]
[White "OPASKA, MICHAEL:mopaska1106"]
[Black "LOCHAM, DIVJOT SINGH:winner08"]
[Result "0-1"]
[ICCResult "White checkmated"]
[WhiteElo "1934"]
[BlackElo "1868"]
[Opening "Grünfeld: modern exchange variation"]
[ECO "D85"]
[NIC "GI.04"]
[Time "14:01:23"]
[PlyCount "80"]
[TimeControl "1800+10"]

1. d4 Nf6 2. c4 g6 3. Nc3 d5 4. cxd5 Nxd5 5. e4 Nxc3 6. bxc3 Bg7 7. Nf3 c5
8. Be3 O-O 9. Qd2 Nc6 10. d5 Ne5 11. Nxe5 Bxe5 12. f4 Bg7 13. Be2 Qa5 14.
Rc1 Rd8 15. O-O b6 16. e5 Bb7 17. Bf3 c4 18. Rfd1 Rac8 19. Qd4 Bxd5 20. Bxd5
e6 21. Qe4 Rxd5 22. Rxd5 exd5 23. Qc2 Bh6 24. Rf1 b5 25. Bd4 Qa3 26. f5 a5
27. e6 fxe6 28. fxg6 Qe7 29. Rf7 Qg5 30. Rxh7 e5 31. h4 Qh5 32. g7 exd4 33.
Rh8+ Kxg7 34. Rxc8 Be3+ 35. Kf1 d3 36. Rc7+ Kf6 37. Rc6+ Ke5 38. Qb1 Qf5+
39. Ke1 Qf2+ 40. Kd1 Qf1# {White checkmated} 0-1

[Event "ICC tourney 3198 (30 10)"]
[Site "Internet Chess Club"]
[Date "2023.05.20"]
[Round "2"]
[White "SHERNOFF, LEON:LeonShernoff"]
[Black "Agrawal, Arvin:championfugman"]
[Result "0-1"]
[ICCResult "White forfeits on time"]
[WhiteElo "1924"]
[BlackElo "1575"]
[Opening "English, 1...Nf6 (Anglo-Indian defense)"]
[ECO "A13"]
[NIC "RE.11"]
[Time "14:00:23"]
[PlyCount "54"]
[TimeControl "1800+10"]

1. c4 Nf6 2. g3 e6 3. Bg2 d5 4. Nf3 c5 5. O-O Nc6 6. cxd5 exd5 7. d4 cxd4 8.
Nxd4 Bc5 9. Nb3 Bb6 10. Bg5 d4 11. N1d2 h6 12. Bxf6 Qxf6 13. Ne4 Qe7 14. Rc1
O-O 15. Qd2 Be6 16. Nec5 Bxb3 17. Nxb3 Rac8 18. Bxc6 bxc6 19. Qd3 c5 20. Qa6
c4 21. Rfe1 Qe6 22. Nd2 c3 23. Nf3 cxb2 24. Rb1 Rc2 25. Qa4 Rxe2 26. Rxe2
Qxe2 27. Nxd4 Qd2 {White forfeits on time} 0-1

[Event "ICC tourney 3198 (30 10)"]
[Site "Internet Chess Club"]
[Date "2023.05.20"]
[Round "2"]
[White "BERKLEY, DARRIN K:drberkley"]
[Black "Yang, Daniel:danielbest"]
[Result "0-1"]
[ICCResult "White forfeits on time"]
[WhiteElo "1890"]
[BlackElo "2073"]
[Opening "Sicilian: Grand Prix attack"]
[ECO "B23"]
[NIC "SI.44"]
[Time "14:00:22"]
[PlyCount "96"]
[TimeControl "1800+10"]

1. e4 c5 2. Nc3 Nc6 3. f4 g6 4. Nf3 Bg7 5. Bb5 Nd4 6. O-O a6 7. Bc4 d6 8. a4
e6 9. Nxd4 cxd4 10. Ne2 Ne7 11. d3 O-O 12. f5 exf5 13. Nf4 Nc6 14. Qe1 Re8
15. Qg3 Ne5 16. Bd5 Qe7 17. Bd2 Be6 18. Rae1 Qd7 19. Bxe6 fxe6 20. exf5 exf5
21. b3 Rac8 22. Rc1 Qc6 23. Kh1 Ng4 24. Qf3 Ne3 25. Qxc6 Rxc6 26. Rfe1 Kf7
27. c3 Ng4 28. Rxe8 Kxe8 29. c4 Be5 30. Re1 Kf7 31. Kg1 g5 32. h3 Ne3 33.
Ne2 Rc8 34. Kf2 f4 35. Ng1 h5 36. Nf3 Kf6 37. Kg1 g4 38. Nxe5 dxe5 39. Bxe3
dxe3 40. Kf1 Kf5 41. Ke2 Rd8 42. hxg4+ Kxg4 43. Rf1 Kg3 44. Rh1 h4 45. Rh3+
Kxg2 46. Rxh4 f3+ 47. Kxe3 f2 48. Rg4+ Kh3 {White forfeits on time} 0-1

[Event "ICC tourney 3198 (30 10)"]
[Site "Internet Chess Club"]
[Date "2023.05.20"]
[Round "2"]
[White "QI, JENNY:eevee11"]
[Black "LIANG, YU-CHENG:Yucheng"]
[Result "1-0"]
[ICCResult "Black resigns"]
[WhiteElo "1807"]
[BlackElo "2197"]
[Opening "Caro-Kann: classical, Spassky variation"]
[ECO "B19"]
[NIC "CK.12"]
[Time "14:00:25"]
[PlyCount "95"]
[TimeControl "1800+10"]

1. e4 c6 2. d4 d5 3. Nc3 dxe4 4. Nxe4 Bf5 5. Ng3 Bg6 6. h4 h6 7. Nf3 Nd7 8.
h5 Bh7 9. Bd3 Bxd3 10. Qxd3 e6 11. Bd2 Qc7 12. O-O-O Ngf6 13. Ne4 O-O-O 14.
g3 Nxe4 15. Qxe4 Nf6 16. Qe2 Bd6 17. Kb1 Rhe8 18. c4 c5 19. Bc3 cxd4 20.
Nxd4 a6 21. Rc1 Kb8 22. Nb3 Qc6 23. c5 Bc7 24. Ba5 Qe4+ 25. Qxe4 Nxe4 26.
Rc2 Rd5 27. Bxc7+ Kxc7 28. g4 Red8 29. Rhc1 Rd1 30. f3 Ng5 31. Rc3 R1d3 32.
f4 Rxc3 33. Rxc3 Ne4 34. Rc4 Nf6 35. Na5 Nxg4 36. b4 Nf6 37. a4 Rd3 38. Kb2
Nd5 39. b5 axb5 40. axb5 Rd2+ 41. Ka3 Rf2 42. b6+ Kb8 43. c6 Rf3+ 44. Kb2
Rxf4 45. c7+ Kc8 46. Rxf4 Nxf4 47. Nc4 Nd5 48. Nd6+ {Black resigns} 1-0

[Event "ICC tourney 3198 (30 10)"]
[Site "Internet Chess Club"]
[Date "2023.05.20"]
[Round "2"]
[White "Li, Alex:AlexLi31415"]
[Black "YU, AVERY:Averyyu321"]
[Result "0-1"]
[ICCResult "White resigns"]
[WhiteElo "1879"]
[BlackElo "1952"]
[Opening "Sicilian: Najdorf, 6...e6"]
[ECO "B95"]
[NIC "SI.04"]
[Time "14:00:20"]
[PlyCount "202"]
[TimeControl "1800+10"]

1. e4 c5 2. Nf3 d6 3. d4 cxd4 4. Nxd4 Nf6 5. Nc3 a6 6. Bg5 e6 7. f3 Be7 8.
Qd2 h6 9. Be3 d5 10. exd5 Nxd5 11. Nxd5 Qxd5 12. Bd3 Bh4+ 13. g3 Bf6 14. Be4
Qc4 15. b3 Qc7 16. Rd1 Nd7 17. O-O Nc5 18. c4 h5 19. Ne2 h4 20. Bf4 e5 21.
Bg5 Bh3 22. Rf2 Nxe4 23. fxe4 hxg3 24. Nxg3 Bg4 25. Rdf1 Qb6 26. Bxf6 gxf6
27. Kh1 Rd8 28. Qc2 Rh6 29. c5 Qe6 30. Rd2 Rxd2 31. Qxd2 Rh8 32. Nf5 Bxf5
33. Rxf5 Rh4 34. Qe1 Rh8 35. Qf2 Qc6 36. Qg2 Rh4 37. Qf3 Ke7 38. Kg2 Rxe4
39. Kg3 Re1 40. Qxc6 bxc6 41. h4 Ke6 42. Rf2 Rh1 43. Rd2 Rg1+ 44. Kf3 Kf5
45. Rd6 e4+ 46. Kf2 Rh1 47. Rxc6 Rh2+ 48. Kg3 Rxa2 49. h5 Rb2 50. Rb6 e3 51.
Kf3 e2 52. Kf2 a5 53. c6 Rc2 54. Rb5+ Ke6 55. Rxa5 f5 56. h6 Kf6 57. h7 Kg7
58. Rxf5 Rxc6 59. Kxe2 Rh6 60. Rg5+ Kf6 61. Rg3 Rxh7 62. Re3 Rh4 63. Kf3 Rb4
64. Ke2 Kg5 65. Kf3 f5 66. Rc3 Rh4 67. Kg2 f4 68. Rc8 Rg4+ 69. Kf2 Kf5 70.
b4 Rh4 71. Kg2 Rh6 72. b5 Rb6 73. Rc5+ Kg4 74. Kf2 Rd6 75. Rc8 Rd2+ 76. Ke1
Rb2 77. Rb8 Kf3 78. b6 Ke3 79. Re8+ Kf3 80. Rb8 Rb1+ 81. Kd2 Kf2 82. b7 f3
83. Kc2 Rb6 84. Kd2 Rd6+ 85. Kc2 Rc6+ 86. Kd2 Rc7 87. Kd1 Rf7 88. Kd2 Kf1
89. Ke3 f2 90. Kd2 Rg7 91. Ke3 Kg1 92. Rf8 Re7+ 93. Kd2 Rxb7 94. Rg8+ Kf1
95. Kd1 Rd7+ 96. Kc2 Rd5 97. Rg7 Ke2 98. Re7+ Kf3 99. Rf7+ Ke3 100. Re7+ Kf4
101. Rf7+ Rf5 {White resigns} 0-1

[Event "ICC tourney 3198 (30 10)"]
[Site "Internet Chess Club"]
[Date "2023.05.20"]
[Round "3"]
[White "SHERNOFF, LEON:LeonShernoff"]
[Black "KONA, VIDIP KUMAR:Vidipkona"]
[Result "0-1"]
[ICCResult "White resigns"]
[WhiteElo "1924"]
[BlackElo "1979"]
[Opening "Benoni: fianchetto variation"]
[ECO "A63"]
[NIC "BI.24"]
[Time "16:00:46"]
[PlyCount "42"]
[TimeControl "1800+10"]

1. c4 Nf6 2. g3 g6 3. Bg2 Bg7 4. Nf3 O-O 5. d4 c5 6. d5 e6 7. Nc3 exd5 8.
cxd5 d6 9. O-O a6 10. a4 Qc7 11. Nd2 Ne8 12. Nc4 Nd7 13. a5 b5 14. axb6 Nxb6
15. Na5 f5 16. Bg5 h6 17. Be3 Nf6 18. Qd2 Ng4 19. Rac1 Nxe3 20. Qxe3 Bd7 21.
b4 Rae8 {White resigns} 0-1

[Event "ICC tourney 3198 (30 10)"]
[Site "Internet Chess Club"]
[Date "2023.05.20"]
[Round "3"]
[White "LIANG, YU-CHENG:Yucheng"]
[Black "MARKOVIC, GORAN:Goran21"]
[Result "1-0"]
[ICCResult "Black checkmated"]
[WhiteElo "2197"]
[BlackElo "2049"]
[Opening "English opening"]
[ECO "E90"]
[NIC "KI.20"]
[Time "16:00:07"]
[PlyCount "61"]
[TimeControl "1800+10"]

1. Nf3 Nf6 2. c4 g6 3. Nc3 Bg7 4. d4 O-O 5. e4 d6 6. h3 Na6 7. Bd3 e5 8. d5
Nh5 9. O-O Nf4 10. Bc2 f5 11. Bxf4 exf4 12. exf5 Bxf5 13. Bxf5 Rxf5 14. Qe2
Kh8 15. Rae1 Rf7 16. Qe6 Qf8 17. Ng5 Rf5 18. Nce4 Rd8 19. g4 Re8 20. Qxe8
Qxe8 21. gxf5 Qf8 22. f6 Bxf6 23. Nxf6 Qxf6 24. Re8+ Kg7 25. Ne6+ Kh6 26.
Rf8 Qh4 27. Rxf4 Qxh3 28. Re1 Qh5 29. Kg2 g5 30. Rf6+ Qg6 31. Rh1#
{Black checkmated}
1-0

[Event "ICC tourney 3198 (30 10)"]
[Site "Internet Chess Club"]
[Date "2023.05.20"]
[Round "3"]
[White "QIAO, RICHARDSON JINGSI:Richardsonqiao"]
[Black "Stevens, Adam Benjamin:adambenstevens"]
[Result "1/2-1/2"]
[ICCResult "Game drawn by repetition"]
[WhiteElo "1573"]
[BlackElo "1869"]
[Opening "QGD: Janowski variation"]
[ECO "D31"]
[NIC "QP.08"]
[Time "16:00:10"]
[PlyCount "105"]
[TimeControl "1800+10"]

1. d4 d5 2. c4 e6 3. Nc3 a6 4. Nf3 Nf6 5. Bg5 Be7 6. Bxf6 Bxf6 7. e3 O-O 8.
Be2 dxc4 9. Bxc4 b5 10. Bd3 Bb7 11. O-O Nd7 12. Bc2 c5 13. Qd3 g6 14. Nd2 c4
15. Qe2 e5 16. d5 b4 17. Ncb1 Bxd5 18. e4 Be6 19. Nxc4 Qc7 20. Nbd2 Rfc8 21.
b3 Nb6 22. Bd3 Rd8 23. Rac1 Qc5 24. Nf3 Nxc4 25. Bxc4 Bxc4 26. Rxc4 Qd6 27.
h3 a5 28. Rfc1 Qe7 29. Qc2 Rd7 30. Rc8+ Rxc8 31. Qxc8+ Kg7 32. Qc5 Rd1+ 33.
Kh2 Rxc1 34. Qxc1 Qd6 35. Qc4 Qb6 36. Kg1 h5 37. g3 Kf8 38. Kf1 Kg7 39. Kg2
Kf8 40. Kf1 Kg7 41. h4 Kf8 42. Ke2 Kg7 43. Kf1 Kf8 44. Kg2 Kg7 45. Kg1 Kf8
46. Kg2 Kg7 47. Kf1 Kf8 48. Qc8+ Kg7 49. Qc4 Kf8 50. Qc8+ Kg7 51. Qc4 Kf8
52. Qc8+ Kg7 53. Qc4 {Game drawn by repetition} 1/2-1/2

[Event "ICC tourney 3198 (30 10)"]
[Site "Internet Chess Club"]
[Date "2023.05.20"]
[Round "3"]
[White "YU, AVERY:Averyyu321"]
[Black "BAGCHI, SOUNAK:Chesssaga"]
[Result "0-1"]
[ICCResult "White resigns"]
[WhiteElo "1952"]
[BlackElo "2160"]
[Opening "Sicilian: accelerated fianchetto, Maróczy bind"]
[ECO "B36"]
[NIC "SI.33"]
[Time "16:00:15"]
[PlyCount "94"]
[TimeControl "1800+10"]

1. e4 c5 2. Nf3 g6 3. d4 cxd4 4. Nxd4 Nc6 5. c4 Nf6 6. Nc3 d6 7. f3 Nxd4 8.
Qxd4 Bg7 9. Be3 O-O 10. Qd2 Qa5 11. Be2 Be6 12. O-O Rfc8 13. b3 a6 14. Rac1
b5 15. Nd5 Qxd2 16. Bxd2 Nxd5 17. cxd5 Bd7 18. Be3 Bb2 19. Rb1 Ba3 20. Rfd1
Rc2 21. Rd2 Rac8 22. Bd3 Rc1+ 23. Rd1 Bc5 24. Kf2 Rxb1 25. Rxb1 f5 26. Ke2
Bxe3 27. Kxe3 Kf7 28. Kd2 Kf6 29. a4 bxa4 30. bxa4 Bxa4 31. Rb4 Bb5 32. Bxb5
Rb8 33. exf5 gxf5 34. f4 Rxb5 35. Rxb5 axb5 36. Kc3 e5 37. dxe6 Kxe6 38. Kb4
Kd5 39. Kxb5 Ke4 40. Kc4 d5+ 41. Kc3 Ke3 42. g4 d4+ 43. Kc4 d3 44. gxf5 d2
45. Kd5 d1=Q+ 46. Ke6 Qd8 47. Kf7 Kxf4 {White resigns} 0-1

[Event "ICC tourney 3198 (30 10)"]
[Site "Internet Chess Club"]
[Date "2023.05.20"]
[Round "3"]
[White "GU, MINGHAO:mancogu"]
[Black "Agrawal, Arvin:championfugman"]
[Result "1-0"]
[ICCResult "Black resigns"]
[WhiteElo "2033"]
[BlackElo "1575"]
[Opening "Sicilian: accelerated fianchetto, modern variation with Bc4"]
[ECO "B35"]
[NIC "SI.43"]
[Time "16:00:11"]
[PlyCount "69"]
[TimeControl "1800+10"]

1. e4 c5 2. Nf3 g6 3. d4 cxd4 4. Nxd4 Bg7 5. Be3 Nc6 6. Nc3 Nf6 7. Bc4 O-O
8. Bb3 e6 9. f3 d5 10. exd5 Nxd5 11. Nxd5 exd5 12. O-O Re8 13. Bf2 Qg5 14.
Kh1 Bd7 15. c3 Na5 16. Qd3 Nxb3 17. axb3 a6 18. Rfe1 h5 19. Be3 Qf6 20. Qd2
Rac8 21. Bg5 Qb6 22. Be3 Qf6 23. b4 Re5 24. Bf4 Ree8 25. Nb3 Rxe1+ 26. Rxe1
b6 27. Nd4 Re8 28. Rxe8+ Bxe8 29. Qe3 Qd8 30. Bg5 Qd7 31. h3 Qa4 32. Kh2 Bd7
33. Qe7 Bf8 34. Qd8 Be8 35. b5 {Black resigns} 1-0

[Event "ICC tourney 3198 (30 10)"]
[Site "Internet Chess Club"]
[Date "2023.05.20"]
[Round "3"]
[White "CHINNI, RISHABH:alphachesplayer"]
[Black "QUIRKE, JEFFREY L:PawnEatingZombi"]
[Result "0-1"]
[ICCResult "White checkmated"]
[WhiteElo "1987"]
[BlackElo "2176"]
[Opening "Ruy Lopez: Taimanov (chase/wing/accelerated counterthrust) variation"]
[ECO "C70"]
[NIC "RL.09"]
[Time "16:00:05"]
[PlyCount "72"]
[TimeControl "1800+10"]

1. e4 e5 2. Nf3 Nc6 3. Bb5 a6 4. Ba4 b5 5. Bb3 Na5 6. Nxe5 Nxb3 7. axb3 Qg5
8. Nf3 Qxg2 9. Rg1 Qh3 10. d4 Bb7 11. Qe2 h6 12. Bf4 d6 13. Nbd2 g5 14. Bg3
O-O-O 15. c4 f5 16. cxb5 fxe4 17. bxa6 Ba8 18. Nxe4 Qf5 19. Nfd2 Nf6 20.
Nxf6 Qxf6 21. Qc4 Bg7 22. Rc1 Rhe8+ 23. Kf1 Re7 24. d5 Qf5 25. a7 Qxd5 26.
Qxd5 Bxd5 27. Nc4 Kb7 28. Ra1 Ra8 29. Na5+ Kc8 30. Rd1 Bf3 31. Rd2 Rxa7 32.
b4 Re4 33. Nb3 Rxb4 34. Nc1 Ra1 35. Rc2 Rxb2 36. Rxb2 Rxc1# {White
checkmated} 0-1

[Event "ICC tourney 3198 (30 10)"]
[Site "Internet Chess Club"]
[Date "2023.05.20"]
[Round "3"]
[White "WILLY, STEPHEN:stephenwilly"]
[Black "BOYLIN, JOHN:Jupiter2008"]
[Result "1-0"]
[ICCResult "Black resigns"]
[WhiteElo "2118"]
[BlackElo "1915"]
[Opening "Sicilian: Najdorf, 6.Bg5"]
[ECO "B94"]
[NIC "SI.04"]
[Time "16:00:08"]
[PlyCount "75"]
[TimeControl "1800+10"]

1. e4 c5 2. Nf3 d6 3. d4 cxd4 4. Nxd4 Nf6 5. Nc3 a6 6. Bg5 Nbd7 7. Bd3 g6 8.
O-O Bg7 9. Qe2 O-O 10. Rad1 Qb6 11. Nb3 Qc7 12. f4 h6 13. Bh4 b5 14. Rfe1 e5
15. Bxb5 axb5 16. Nxb5 Qb8 17. Nxd6 Rxa2 18. f5 Ba6 19. Qd2 g5 20. Bf2 Rd8
21. Na5 Qxb2 22. Nc6 Rf8 23. Nb4 Ra4 24. Rb1 Qa3 25. Rb3 Qa1 26. Rbb1 Qa3
27. Rb3 Qa1 28. h3 Ra8 29. Rxa1 Rxa1+ 30. Kh2 g4 31. Nxa6 R8xa6 32. Bh4 Rf1
33. Ne8 g3+ 34. Rxg3 Nh5 35. Rxg7+ Nxg7 36. Qxd7 Nxe8 37. Qxe8+ Kg7 38.
Qxe5+ {Black resigns} 1-0

[Event "ICC tourney 3198 (30 10)"]
[Site "Internet Chess Club"]
[Date "2023.05.20"]
[Round "3"]
[White "Yang, Daniel:danielbest"]
[Black "Cheng, Samuel:Samuel1001"]
[Result "1-0"]
[ICCResult "Black forfeits on time"]
[WhiteElo "2073"]
[BlackElo "1767"]
[Opening "Grünfeld: exchange variation"]
[ECO "D85"]
[NIC "GI.03"]
[Time "16:00:09"]
[PlyCount "69"]
[TimeControl "1800+10"]

1. d4 Nf6 2. c4 g6 3. Nc3 d5 4. cxd5 Nxd5 5. Na4 Bg7 6. e4 Nb6 7. Be3 O-O 8.
Nf3 Bg4 9. Be2 Nc6 10. e5 Qd5 11. Nc5 Nc4 12. Qb3 N6a5 13. Qc3 b6 14. Nd3
Nxe3 15. fxe3 Rac8 16. Nf4 Qb7 17. O-O c5 18. d5 Qb8 19. Nh3 Bxf3 20. Bxf3
Bxe5 21. Qd2 Bxh2+ 22. Kh1 Be5 23. Rac1 Rfd8 24. e4 Nc6 25. Bg4 Rc7 26. Qf2
Nd4 27. Qxf7+ Kh8 28. Ng5 Bg7 29. Qf2 Rf8 30. Qh4 h6 31. Be6 h5 32. Bf7 Ne2
33. Bxg6 Kg8 34. Bh7+ Kh8 35. Bf5 {Black forfeits on time} 1-0

[Event "ICC tourney 3198 (30 10)"]
[Site "Internet Chess Club"]
[Date "2023.05.20"]
[Round "3"]
[White "LOCHAM, DIVJOT SINGH:winner08"]
[Black "XIA, JOSHUA:MathMonkey"]
[Result "1-0"]
[ICCResult "Black checkmated"]
[WhiteElo "1868"]
[BlackElo "1997"]
[Opening "Scotch: Potter variation"]
[ECO "C45"]
[NIC "SO.05"]
[Time "16:00:06"]
[PlyCount "109"]
[TimeControl "1800+10"]

1. e4 e5 2. Nf3 Nc6 3. d4 exd4 4. Nxd4 Bc5 5. Nb3 Bb6 6. Nc3 Nf6 7. Qe2 O-O
8. Bg5 h6 9. Bh4 Re8 10. O-O-O d6 11. Nd5 g5 12. Bg3 Nxe4 13. Qf3 Kg7 14.
Bc4 Nxg3 15. hxg3 Ne5 16. Qc3 Bxf2 17. Rdf1 Bxg3 18. Nxc7 Qxc7 19. Rxf7+
Qxf7 20. Bxf7 Bf4+ 21. Kb1 Kxf7 22. g3 Bf5 23. gxf4 Rac8 24. Qb4 Rxc2 25.
Ka1 Nc6 26. Qxb7+ Re7 27. Qb5 Be4 28. Rxh6 Rg2 29. a4 Rg1+ 30. Ka2 Rd1 31.
fxg5 a6 32. Qc4+ Ke8 33. g6 Bd5 34. Rh8+ Kd7 35. Qg4+ Be6 36. Qxd1 Na5 37.
Rb8 Kc7 38. Rb4 Nc6 39. Qc1 Bxb3+ 40. Kxb3 Rg7 41. Rc4 Kd7 42. Rxc6 Rxg6 43.
Rc7+ Ke6 44. Qc4+ Kf5 45. Rf7+ Ke5 46. Re7+ Kf5 47. Qe4+ Kg5 48. Qe3+ Kf5
49. Rf7+ Rf6 50. Qf3+ Ke5 51. Qxf6+ Kd5 52. Qf3+ Ke5 53. Re7+ Kd4 54. Qc3+
Kd5 55. Qc4# {Black checkmated} 1-0

[Event "ICC tourney 3198 (30 10)"]
[Site "Internet Chess Club"]
[Date "2023.05.20"]
[Round "3"]
[White "VETTESE, NICHOLAS:FatFluffyCats"]
[Black "HEBDEN, MARK L:mhebden"]
[Result "0-1"]
[ICCResult "White resigns"]
[WhiteElo "2388"]
[BlackElo "2554"]
[Opening "Scotch: Schmidt variation"]
[ECO "C45"]
[NIC "SO.04"]
[Time "16:00:14"]
[PlyCount "114"]
[TimeControl "1800+10"]

1. e4 e5 2. Nf3 Nc6 3. d4 exd4 4. Nxd4 Nf6 5. Nxc6 bxc6 6. Qe2 d6 7. Nc3 Be7
8. f3 O-O 9. Be3 a5 10. Qc4 c5 11. O-O-O Be6 12. Qa4 Qb8 13. Bb5 Qb6 14. Nd5
Nxd5 15. exd5 Bf5 16. g4 Rfb8 17. gxf5 Qxb5 18. Qxb5 Rxb5 19. a4 Rb4 20. c3
Rxa4 21. Kc2 Rh4 22. Ra1 Rh5 23. Ra4 Rxf5 24. b4 Rxf3 25. Re1 Bh4 26. Re2
cxb4 27. cxb4 Re8 28. bxa5 Bg5 29. Bxg5 Rxe2+ 30. Kd1 Rxh2 31. Bd2 Rd3 32.
Ra2 Rhxd2+ 33. Rxd2 Ra3 34. Rb2 g5 35. Rb5 Kg7 36. Kc2 h5 37. Kb2 Re3 38.
Rb8 Re5 39. a6 Rxd5 40. a7 Ra5 41. a8=Q Rxa8 42. Rxa8 h4 43. Kc3 h3 44. Kd3
f5 45. Ke3 c5 46. Kf2 Kf6 47. Kg3 g4 48. Kf4 c4 49. Rc8 d5 50. Rc6+ Ke7 51.
Rh6 c3 52. Kg3 Kd7 53. Ra6 c2 54. Ra1 d4 55. Kf2 f4 56. Ke2 g3 57. Kd2 g2
{White resigns}
0-1

[Event "ICC tourney 3198 (30 10)"]
[Site "Internet Chess Club"]
[Date "2023.05.20"]
[Round "3"]
[White "BERKLEY, DARRIN K:drberkley"]
[Black "OPASKA, MICHAEL:mopaska1106"]
[Result "0-1"]
[ICCResult "White checkmated"]
[WhiteElo "1890"]
[BlackElo "1934"]
[Opening "Caro-Kann: Tartakower (fantasy) variation"]
[ECO "B12"]
[NIC "CK.02"]
[Time "16:00:20"]
[PlyCount "102"]
[TimeControl "1800+10"]

1. e4 c6 2. d4 d5 3. f3 e6 4. Nc3 Bb4 5. Ne2 Ne7 6. a3 Bxc3+ 7. Nxc3 O-O 8.
Be3 Nd7 9. Be2 b6 10. O-O Bb7 11. e5 c5 12. Nb5 Nc6 13. Nd6 Qc7 14. Nxb7
Qxb7 15. c3 Rac8 16. f4 Rc7 17. Bf3 cxd4 18. cxd4 Na5 19. Bd2 Rfc8 20. Bc3
Rxc3 21. bxc3 Rxc3 22. Qd2 Rc8 23. Rab1 Nc4 24. Qd3 b5 25. Rfe1 a6 26. f5
Qb6 27. Kh1 Qa5 28. fxe6 fxe6 29. Bg4 Re8 30. Qh3 Nf8 31. Ra1 Qd2 32. Red1
Qg5 33. Bf3 Ng6 34. Qg3 Qxg3 35. hxg3 Ne7 36. g4 Nc6 37. Be2 g5 38. Rac1 Rd8
39. a4 Kf7 40. axb5 axb5 41. Kg1 Ra8 42. Rc3 Ra2 43. Rf3+ Ke7 44. Bd3 Nxd4
45. Rh3 Nxe5 46. Rxh7+ Kd6 47. Bb1 Ne2+ 48. Kf2 Rb2 49. Ke1 Ng3 50. Bd3 Rxg2
51. Bxb5 Nf3# {White checkmated} 0-1